Map: Lerilak Crest

Players

Tutore

  • Race: Zerg Zerg
  • League: Gold

LilDicky - Winner!

  • Race: Terran Terran
  • League: Diamond

VOD

http://www.twitch.tv/tumescentpie

Description

Time

  • Played on: Nov. 26, 2015, 10:05 p.m.
  • Length: 15:34
Show
View Real Time Build Order
Export as new Build Order

Tutore Zerg 

Build Orders: Hatch First, Muta Ling Bane 

Get SALT Encoding   

  12  0:00  Drone  
  13  0:13  Overlord  
  13  0:17  Drone  
  14  0:31  Drone x2  
  14  0:35  Drone  
  17  0:56  Hatchery  
  16  1:00  Drone  
  17  1:11  Spawning Pool  
  17  1:14  Drone  
  17  1:16  Extractor  
  16  1:22  Drone x2  
  18  1:33  Drone  
  19  1:42  Overlord  
  19  1:55  Drone  
  19  1:58  Queen  
  22  2:04  Zergling x2  
  22  2:07  Queen  
  25  2:08  Drone  
  25  2:15  Drone  
  27  2:25  Drone  
  27  2:26  Drone  
  27  2:29  Metabolic Boost  
  29  2:33  Drone  
  29  2:34  Overlord  
  30  2:48  Drone  
  30  2:49  Drone  
  32  3:05  Drone x3  
  35  3:19  Zergling x6  
  37  3:23  Drone x5  
  42  3:29  Overlord  
  42  3:35  Extractor  
  42  3:38  Baneling Nest  
  40  3:41  Drone x2, Queen  
  40  3:46  Overlord, Extractor  
  40  3:47  Queen  
  44  4:17  Drone  
  44  4:18  Drone x6  
  44  4:23  Zergling x2  
  52  4:28  Lair  
  52  4:30  Hatchery  
  51  4:34  Hatchery  
  50  4:48  Zergling x8  
  50  4:49  Zergling x4  
  56  5:06  Drone x3  
  59  5:07  Overlord x2  
  59  5:21  Overlord x4  
  59  5:25  Queen  
  59  5:27  Extractor  
  60  5:33  Overlord x2  
  58  5:37  Overseer  
  58  5:39  Spore Crawler  
  58  5:41  Spore Crawler  
  56  5:44  Drone x2  
  56  5:45  Drone  
  56  5:47  Drone x2  
  56  5:48  Drone x3, Queen, Spore Crawler  
  64  5:57  Spore Crawler  
  64  6:01  Spore Crawler  
  64  6:03  Drone x5  
  64  6:04  Drone x2  
  69  6:09  Extractor  
  67  6:40  Centrifical Hooks  
  67  6:43  Drone x3  
  67  6:44  Drone x11  
  67  6:45  Spire  
  80  6:56  Spore Crawler, Baneling x7  
  80  6:57  Baneling x3  
  80  7:00  Zergling x2  
  80  7:01  Zergling x8  
  84  7:09  Overlord x2  
  84  7:13  Extractor  
  83  7:24  Overlord x2  
  83  7:36  Evolution Chamber  
  82  7:38  Evolution Chamber  
  82  7:43  Drone  
  82  7:44  Drone x5  
  87  7:56  Mutalisk x10  
  87  7:57  Hatchery  
  106  8:07  Zerg Melee Weapons Level 1  
  106  8:10  Zerg Ground Armor Level 1  
  106  8:16  Zergling x4  
  106  8:17  Zergling x18  
  117  8:22  Baneling x6  
  117  8:29  Zerg Flyer Weapons Level 1  
  117  8:39  Zergling x2  
  117  8:40  Zergling x22  
  129  8:46  Extractor  
  128  8:51  Extractor  
  127  8:57  Mutalisk x2  
  127  8:58  Mutalisk x2  
  135  9:12  Mutalisk x2  
  139  9:20  Overlord x4  
  139  9:22  Mutalisk x2  
  143  9:34  Zergling x2  
  143  9:35  Zergling x30  
  159  9:47  Drone  
  159  9:48  Drone  
  159  9:51  Mutalisk  
  159  9:52  Mutalisk x2  
  167  10:04  Mutalisk x4  
  175  10:13  Zerg Melee Weapons Level 2  
  175  10:26  Corruptor x2  
  175  10:27  Corruptor  
  179  11:04  Mutalisk  
  179  11:05  Mutalisk x7  
  179  11:08  Zergling x2  
  179  11:09  Zergling x6  
  197  11:28  Overlord  
  197  11:29  Baneling x8  
  197  11:30  Baneling x16  
  197  11:31  Baneling  
  199  11:58  Hatchery  
  196  12:18  Mutalisk  
  198  12:31  Zerg Ground Armor Level 2  
  198  12:32  Infestation Pit  
  162  13:07  Mutalisk  
  162  13:08  Mutalisk x12  
  188  13:28  Overseer  
  188  13:29  Overseer  
  188  13:33  Hatchery  
  187  13:39  Spore Crawler  
  187  13:40  Spore Crawler  
  185  13:55  Pneumatized Carapace  
  185  14:02  Zergling x8  
  149  14:03  Zergling x22  
  149  14:05  Baneling  
  149  14:06  Baneling x17  
  149  14:07  Baneling x12  
  160  14:13  Spore Crawler, Extractor  
  160  14:14  Spore Crawler  
  157  14:17  Extractor  
  83  15:07  Zergling x10  
  83  15:08  Mutalisk  
  83  15:09  Mutalisk x14  
Show
View Real Time Build Order
Export as new Build Order

LilDicky Terran - Winner!

Build Orders: Reaper Expand 

Get SALT Encoding   

  12  0:04  SCV  
  13  0:16  SCV  
  13  0:20  Supply Depot  
  14  0:28  SCV  
  15  0:36  Refinery  
  15  0:41  SCV  
  16  0:45  Barracks  
  16  0:59  SCV  
  17  1:11  SCV  
  18  1:23  SCV  
  19  1:32  Supply Depot, Reaper  
  20  1:35  Orbital Command  
  20  1:59  Command Center  
  20  2:00  SCV  
  21  2:04  Reaper  
  21  2:05  Refinery  
  22  2:12  SCV  
  23  2:24  SCV  
  23  2:27  Factory  
  24  2:37  SCV  
  25  2:38  Marine  
  26  2:49  SCV  
  27  3:03  SCV  
  26  3:21  SCV  
  26  3:25  Factory Tech Lab  
  27  3:27  Starport  
  27  3:33  SCV  
  29  3:35  Orbital Command  
  29  3:37  Bunker, Marine  
  29  3:45  SCV  
  29  3:46  Siege Tank  
  33  3:58  SCV  
  34  4:16  SCV x2  
  36  4:19  Siege Tank, Starport Tech Lab  
  39  4:27  Supply Depot, Marine  
  39  4:28  SCV x2  
  42  4:36  Command Center  
  42  4:38  Banshee  
  42  4:39  Cloaking Field  
  42  4:40  SCV  
  42  4:43  Refinery  
  46  4:49  SCV, Supply Depot  
  46  4:52  SCV  
  48  5:01  SCV  
  48  5:04  SCV  
  50  5:13  SCV  
  51  5:16  Supply Depot, SCV  
  51  5:21  Banshee  
  52  5:25  SCV  
  52  5:27  Refinery, Siege Tank  
  58  5:28  SCV  
  58  5:29  Marine  
  60  5:36  Supply Depot  
  60  5:43  SCV  
  60  5:49  Orbital Command  
  61  5:51  Command Center  
  61  5:52  SCV  
  61  5:57  Engineering Bay  
  62  5:59  Siege Tank  
  62  6:02  Starport  
  65  6:30  SCV x2  
  67  6:37  Orbital Command  
  67  6:40  Siege Tank, Starport Reactor  
  67  6:41  Banshee  
  67  6:44  SCV x2, Fusion Core  
  75  6:56  SCV x2  
  77  7:04  SCV  
  77  7:08  SCV x2  
  80  7:15  Liberator x2  
  80  7:16  SCV  
  80  7:19  Missile Turret  
  80  7:20  SCV x2  
  80  7:21  Missile Turret  
  80  7:22  Missile Turret  
  83  7:23  Orbital Command  
  83  7:28  SCV  
  83  7:29  Refinery, Marine  
  84  7:30  Refinery  
  84  7:32  SCV x2, Banshee  
  84  7:35  Advanced Ballistics  
  96  7:40  SCV  
  96  7:41  Missile Turret  
  96  7:44  SCV x2, Missile Turret  
  97  7:46  Siege Tank  
  102  7:52  SCV  
  102  7:53  SCV  
  102  7:56  SCV  
  102  7:58  SCV  
  106  7:59  Missile Turret  
  106  8:05  SCV  
  107  8:08  Armory, Liberator  
  107  8:09  Armory  
  107  8:16  SCV  
  107  8:17  Factory  
  108  8:22  Liberator  
  108  8:26  SCV, Hellion  
  114  8:27  Banshee  
  114  8:29  Supply Depot  
  114  8:30  Supply Depot  
  114  8:31  Supply Depot, SCV x3  
  114  8:32  Supply Depot  
  120  8:38  SCV  
  120  8:40  Command Center  
  124  8:43  SCV x3  
  124  8:44  Missile Turret x3  
  127  8:50  SCV  
  127  8:54  Supply Depot  
  129  8:55  SCV x2, Supply Depot  
  129  8:56  SCV  
  129  8:57  Terran Vehicle And Ship Armor Level 1, Terran Ship Weapons Level 1  
  129  9:00  Armory  
  129  9:02  Missile Turret  
  131  9:07  Liberator x2  
  131  9:11  Liberator  
  131  9:15  Missile Turret  
  130  9:18  Thor, Missile Turret  
  130  9:20  Factory Tech Lab  
  130  9:21  Missile Turret x2  
  136  9:27  Missile Turret  
  145  9:38  Missile Turret  
  145  9:40  Missile Turret  
  145  9:44  Missile Turret  
  145  9:55  Missile Turret  
  145  9:56  Missile Turret  
  145  9:57  Missile Turret  
  142  10:00  Missile Turret  
  142  10:09  Thor  
  142  10:10  Thor, Missile Turret x3  
  142  10:11  SCV x2, Raven  
  158  10:16  Planetary Fortress  
  158  10:19  Refinery  
  155  10:24  Missile Turret  
  155  10:25  Missile Turret  
  153  10:33  SCV x2  
  153  10:34  SCV x2  
  156  10:45  SCV  
  157  10:57  Supply Depot  
  157  10:58  Supply Depot  
  157  11:00  Supply Depot, Neosteel Frame  
  157  11:01  Supply Depot  
  151  11:17  Supply Depot  
  151  11:19  Supply Depot  
  151  11:20  Refinery  
  151  11:42  Liberator x3  
  157  12:08  Thor x2  
  157  12:13  Terran Ship Weapons Level 2, Terran Vehicle And Ship Armor Level 2  
  157  12:14  Terran Vehicle Weapons Level 1  
  169  12:19  Factory, Building Armor  
  169  12:22  Starport  
  169  12:26  Missile Turret x2  
  169  12:35  Missile Turret x3  
  169  12:38  Command Center, Missile Turret  
  169  12:40  Missile Turret  
  163  12:51  Thor  
  163  12:55  Liberator x3  
  157  13:06  Missile Turret  
  157  13:07  Missile Turret x4  
  157  13:09  Missile Turret  
  157  13:10  Command Center, Missile Turret  
  160  13:14  Starport Tech Lab  
  160  13:16  Factory Tech Lab  
  166  13:33  Liberator  
  166  13:34  Hyperflight Rotors  
  166  13:53  Liberator x2  
  166  13:56  Battlecruiser  
  166  13:57  SCV x2  
  171  14:13  Siege Tank x2  
  187  14:42  Missile Turret x2  
  187  14:43  Missile Turret  
  142  15:01  Hellion x2  
  142  15:02  Hellion  
  153  15:07  Factory  
  153  15:09  Factory  
  153  15:10  Factory  
Tags
 
Add a new tag
Caveats
  • Supply blocks, unpowered buildings, or Contaminate may cause inaccurate times.
  • Supply counts are checked every 10 seconds.